cohdb
Replays
Latest Replays
All Replays
Popular Replays
Top Player Replays
Match Explorer
How It Works
Community
CoH3 Stats
Reddit
Sign in to upload your games and track your stats! →
Sign in with Steam
Match 41476371
Unlisted
Match 41476371
Overview
Messages
Build Orders
End
Kradschützen Motorcycle Team
Panzerpioneer Squad
250 Light Carrier
Panzerpioneer Squad
Construct Light Support Kompanie
Combat Half-tracks
Panzerjäger Squad
Construct Mechanized Kompanie
Panzerpioneer Squad
Selects Battlefield Espionage Battlegroup
Support Armor Elements
Veteran Squad Leaders
Vehicle Survival Package
Selects Intel Disruption Beacon
Selects Plunder
Assault Mechanized Group
StuG III D Assault Gun
Marder III Tank Destroyer
Marder III Tank Destroyer
Selects Disruption Operation
StuG III D Assault Gun
Nikname2303
Null
0
0
Comments
sign in to comment!
No comments posted yet!